 Dungeon Crawl Stone Soup version 0.28-a0-1348-g050f3537b9 (webtiles) character file.

Game seed: 17400563007848502793

432 Deminshera the Sneak (level 7, -4/41 HPs)
             Began as a Kobold Brigand on Dec 30, 2021.
             Slain by a yak (17 damage)
             ... on level 4 of the Dungeon.
             The game lasted 00:05:10 (4777 turns).

Deminshera the Sneak (Kobold Brigand)               Turns: 4777, Time: 00:05:11

Health: -4/41      AC:  3    Str: 14    XL:     7   Next: 20%
Magic:  9/9        EV: 14    Int: 12    God:
Gold:   90         SH:  6    Dex: 16    Spells: 4/9 levels left

rFire   . . .      SeeInvis .   u - +8 falchion "Demonbane" {drain, Str+3 Stlth+}
rCold   . . .      Faith    .   v - +0 buckler
rNeg    . . .      Spirit   .   b - +0 robe
rPois   .          Reflect  .   (no helmet)
rElec   .          Harm     .   c - +0 cloak
rCorr   .          Rampage  .   (no gloves)
Will    .....                   (no boots)
Stlth   +++++.....              (no amulet)
HPRegen 0.13/turn               (no ring)
MPRegen 0.11/turn               (no ring)

@: no status effects
A: small, no large weapons, nightstalker 3
a: no special abilities


You were on level 4 of the Dungeon.
You visited 1 branch of the dungeon, and saw 5 of its levels.

You collected 242 gold pieces.
You spent 152 gold pieces at shops.

Inventory:

Hand Weapons
 a - a +2 dagger
 u - the +8 falchion "Demonbane" (weapon) {drain, Str+3 Stlth+}
   (You bought it in a shop on level 4 of the Dungeon)

   A truly terrible weapon, it drains the life of any living foe it strikes.
   Str:       It affects your strength (+3).
   Stlth:     It makes you more stealthy.
Missiles
 d - 22 poisoned darts
 e - a curare-tipped dart (quivered)
 f - 136 stones
Armour
 b - a +0 robe (worn)
 c - a +0 cloak (worn)
 v - a +0 buckler (worn)
Jewellery
 p - a ring of protection from fire
Scrolls
 k - a scroll of magic mapping {unknown}
 l - 4 scrolls of enchant weapon {unknown}
 m - 3 scrolls of identify {unknown}
 q - a scroll of fear {unknown}
 s - a scroll of vulnerability {unknown}
 t - a scroll of teleportation {unknown}
Potions
 g - a potion of lignification {unknown}
 h - 3 potions of curing {unknown}
 i - a potion of degeneration {unknown}
 j - a potion of berserk rage {unknown}
 n - 2 potions of resistance {unknown}
 o - a potion of magic {unknown}
 r - a potion of attraction {unknown}


   Skills:
 - Level 3.5 Fighting
 - Level 4.2 Short Blades
 - Level 2.1 Throwing
 - Level 1.2 Dodging
 - Level 6.5 Stealth
 * Level 3.9 Shields
 - Level 1.5 Spellcasting
 - Level 0.1 Translocations


You had 4 spell levels left.
You knew the following spells:

 Your Spells              Type           Power      Damage    Failure   Level
a - Manifold Assault      Tloc           1%         N/A       100%        5

Your spell library contained the following spells:

 Spells                   Type           Power      Damage    Failure   Level
 Slow                     Hex            0%         N/A       32%         1
 Blink                    Tloc           2%         N/A       43%         2
 Lesser Beckoning         Tloc           1%         N/A       67%         3
 Confusing Touch          Hex            0%         N/A       69%         3
 Ozocubu's Armour         Ice            0%         N/A       69%         3
 Summon Guardian Golem    Hex/Summ       0%         N/A       69%         3
 Vampiric Draining        Necr           0%         2d6       69%         3
 Orb of Destruction       Conj           0%         N/A       100%        7
 Ozocubu's Refrigeration  Ice            0%         4d5       100%        7
 Spellforged Servitor     Conj/Summ      0%         N/A       100%        7


Dungeon Overview and Level Annotations

Branches:
Dungeon (5/15)
 Temple: D:4-7

Altars:

Shops:
D:4 (


Innate Abilities, Weirdness & Mutations

You are small and have problems with some larger weapons.
You are completely attuned to the shadows.


Message History

The yak is moderately wounded.
You closely miss the yak.
The yak is moderately wounded.
The yak closely misses you.
You closely miss the yak.
The yak is moderately wounded.
You block the yak's attack.
You slash the yak! You drain the yak.
The yak is severely wounded.
The yak gores you.
You completely miss the yak.
The yak is severely wounded.
The yak closely misses you.
You slash the yak!
You kill the yak!
Your Shields skill increases to level 3!
You have reached level 7!
e - 2 curare-tipped darts (gained 1)
There is a stone staircase leading down, spattered with blood here.
There is a stone staircase leading down, spattered with blood here.
You start resting.
HP restored.
You climb downwards.
The yak gores you!
A yak comes into view.
The yak gores you. x2
A yak comes into view.
The yak barely misses you.
The yak bellows!
There is a stone staircase leading up here.
The yak bellows!
The yak gores you. The yak completely misses you.
You climb upwards.
There is a stone staircase leading down, spattered with blood here.
Throw: 2 darts (curare)
Press: ? - help, Q - select action, (/) - cycle Shift-Dir - straight line, f - yak
Aim: a yak (72% to hit)
You throw a curare-tipped dart.
The curare-tipped dart closely misses the yak.
The yak gores you. The yak gores you!
You die...

#.#..#..# #. #>#.##..# #.
#########.#.##..# #.
#.......#.......###. ########
#.###...............
.......#######.###.#.###.#...####
.##............)............## #
.##.#######.##.###.#..##.##.# #
.##.# #.##.Y@Y....##.##.# # .##.#
#.######.......##.# ## .##.# #.#
####.##.##.# #. ....#
#.#########.......# #. ###.#
#.........####.#### #.
#.#######.....###.#.##.# #####.
#.............###......###.....
#####.##........#.#.###........
#.##......#.#.#.# #.##.....


You could see 2 yaks.

Vanquished Creatures
  A yak (D:4)
  A gnoll sergeant (D:5)
  A scorpion (D:5)
  Terence (D:2)
  An iguana (D:5)
  An orc wizard (D:4)
  5 adders
  2 dart slugs (D:1)
  3 orcs (D:3)
  5 ball pythons
  5 endoplasms
  3 giant cockroaches
  5 goblins
  5 hobgoblins
  2 jackals (D:1)
  5 kobolds
  4 quokkas
  3 bats
  2 frilled lizards
  3 rats
58 creatures vanquished.

Notes
Turn   | Place    | Note
-------+----------+-------------------------------------------
     0 | D:1      | Deminshera the Kobold Brigand began the quest for the Orb.
     0 | D:1      | Reached XP level 1. HP: 12/12 MP: 1/1
   165 | D:1      | Reached XP level 2. HP: 18/18 MP: 2/2
   617 | D:1      | Found a faded altar of an unknown god.
   746 | D:1      | Reached XP level 3. HP: 16/22 MP: 3/3
  1642 | D:2      | Reached skill level 6 in Stealth
  1696 | D:2      | Reached XP level 4. HP: 28/28 MP: 4/4
  2024 | D:2      | Noticed Terence
  2041 | D:2      | Killed Terence
  2586 | D:3      | Reached XP level 5. HP: 11/32 MP: 5/5
  3655 | D:4      | Reached skill level 1 in Spellcasting
  3736 | D:4      | Learned a level 5 spell: Manifold Assault
  3833 | D:4      | Found Baver's Antique Weapon Emporium.
  3839 | D:4      | Bought a shimmering falchion for 152 gold pieces
  3839 | D:4      | Identified the +8 falchion "Demonbane" {drain, Str+3
                  | Stlth+} (You bought it in a shop on level 4 of the Dungeon)
  4384 | D:5      | Entered Level 5 of the Dungeon
  4483 | D:5      | Reached XP level 6. HP: 37/37 MP: 8/8
  4572 | D:5      | Noticed a yak
  4572 | D:5      | Noticed a yak
  4574 | D:5      | Noticed a yak
  4574 | D:5      | Noticed a yak
  4601 | D:4      | Killed a yak
  4602 | D:4      | Reached XP level 7. HP: 18/41 MP: 9/9
  4774 | D:5      | Noticed a yak
  4774 | D:5      | Noticed a yak
  4777 | D:4      | Slain by a yak

Illustrated notes

Levels and vault maps discovered:
D:1:      dpeg_arrival_yet_another_circle, layout_loops_ring,
          dreamdust_ecumenical_altar_hidden_monk_grotto,
          minmay_misc_feat_columns
D:2:      layout_loops_cross, uniq_terence
D:3:      layout_basic, serial_bayou_pond_d
D:4:      layout_loops_cross, serial_shops, nicolae_shop_crystal, serial_glass,
          glass_columns_b, glass_columns_a
D:5:      layout_cave_pools, serial_column_ruins, column_ruins_hut,
          column_ruins_grid_1, column_ruins_open_tiny, column_ruins_grid_4,
          column_ruins_open_tiny_water, column_ruins_open_tiny,
          minmay_misc_feat_encased, hex_tiny, minmay_misc_feat_ornament

Skill      XL: |  1  2  3  4  5  6 |
---------------+-------------------+-----
Short Blades   | 3 4 |  4.2
Fighting       | 3 |  3.5
Stealth        | 6 |  6.5
Spellcasting   | 1 |  1.5
Shields        | 2 3 |  3.9
Throwing       | |  2.1
Dodging        | |  1.2
Translocations | |  0.1

Action                   |  1- 3 |  4- 6 |  7- 9 || total
-------------------------+-------+-------+-------++-------
Melee: Dagger            |    65 |    57 |       ||   122
       Falchion          |       |    20 |       ||    20
Throw: Dart              |     2 |     6 |     1 ||     9
 Stab: Sleeping          |    16 |    12 |       ||    28
Armor: Robe              |     8 |     7 |       ||    15
Dodge: Dodged            |    33 |    42 |     2 ||    77
Block: Buckler           |       |     3 |       ||     3

Table legend: (Time is in decaauts)
 A = Elapsed time spent in this place.
 B = Non-inter-level travel time spent in this place.
 C = Inter-level travel time spent in this place.
 D = Time resting spent in this place.
 E = Time spent auto-exploring this place.
 F = Levels seen in this place.
 G = Mean time per level.
                   A        B        C        D        E       F      G
               +--------+--------+--------+--------+--------+-----+--------+
         Total |   4762 |   4647 |    115 |    876 |   3301 |   5 |  952.4 |
       Dungeon |   4762 |   4647 |    115 |    876 |   3301 |   5 |  952.4 |
               +--------+--------+--------+--------+--------+-----+--------+

Top non-repeatable levels by time:
     D:1: 1291 daAuts
     D:2: 1121 daAuts
     D:3: 1078 daAuts
     D:4: 1059 daAuts
     D:5: 211 daAuts
